 Dungeon Crawl Stone Soup version 0.22.0-38-g04b72b8 (webtiles) character file.

38 dvd the Firebug (level 3, -1/21 HPs)
             Began as an Octopode Fire Elementalist on Aug 28, 2018.
             Slain by a giant cockroach (2 damage)
             ... on level 2 of the Dungeon.
             The game lasted 00:02:46 (1292 turns).

dvd the Firebug (Octopode Fire Elementalist)        Turns: 1292, Time: 00:02:48

Health: -1/21      AC:  1    Str:  7    XL:     3   Next: 43%
Magic:  6/6        EV: 13    Int: 18    God:
Gold:   79         SH:  4    Dex: 12    Spells: 4/7 levels left

rFire    . . .     SeeInvis .   a - +0 hand axe
rCold    . . .     Gourm    .   (no shield)
rNeg     . . .     Faith    .   (helmet restricted)
rPois    .         Spirit   .   h - +4 amulet of reflection
rElec    .         Reflect  +   (no ring)
rCorr    .         Harm     .   (no ring)
MR       .....                  (no ring)
Stlth    +++.......             (no ring)
HPRegen  0.07/turn              (no ring)
MPRegen  0.10/turn              (no ring)
                                (no ring)
                                (no ring)

@: no status effects
A: almost no armour, stealthy swim, amphibious, 8 rings, constrict 8, camouflage
1, gelatinous body 1
a: no special abilities


You were on level 2 of the Dungeon.
You were not hungry.

You visited 1 branch of the dungeon, and saw 2 of its levels.

You collected 79 gold pieces.

Inventory:

Hand Weapons
 a - a +0 hand axe (weapon)
 d - a +0 dagger
Jewellery
 h - a +4 amulet of reflection (around mantle)
Scrolls
 e - a scroll of amnesia {unknown}
 f - a scroll of identify {unknown}
 i - 2 scrolls of remove curse {unknown}
Potions
 c - a potion of resistance {unknown}
 g - a potion of agility {unknown}
Comestibles
 b - a ration


   Skills:
 + Level 0.2 Fighting
 + Level 2.0 Dodging
 - Level 3.0 Stealth
 + Level 2.5 Spellcasting
 + Level 1.3 Conjurations
 + Level 3.6 Fire Magic


You had 4 spell levels left.
You knew the following spells:

 Your Spells              Type           Power        Failure   Level  Hunger
a - Flame Tongue          Conj/Fire      ##...        6%          1    #......
b - Throw Flame           Conj/Fire      ##....       10%         2    ##.....

Your spell library contained the following spells:

 Spells                   Type           Power        Failure   Level  Hunger
 Conjure Flame            Conj/Fire      ##......     19%         3    ###....
 Inner Flame              Hex/Fire       #.......     24%         3    ###....
 Sticky Flame             Conj/Fire      ##......     52%         4    #####..
 Fireball                 Conj/Fire      ##........   86%         5    ######.


Dungeon Overview and Level Annotations

Branches:
Dungeon (2/15)

Altars:
Nemelex Xobeh


Innate Abilities, Weirdness & Mutations

You cannot wear most types of armour.
You are very stealthy in the water. (Stealth+)
You are amphibious.
You can wear up to eight rings at the same time.
You can use your tentacles to constrict eight enemies at once.
Your skin changes colour to match your surroundings (Stealth+).
Your rubbery body absorbs attacks. (AC +1, EV +1)


Message History

The jackal bites you.
* * * LOW HITPOINT WARNING * * *
The jackal bites you.
* * * LOW HITPOINT WARNING * * *
The giant cockroach barely misses you.
You release your grip on the giant cockroach.
A goblin comes into view.
The jackal completely misses you.
The kobold throws a stone.
The stone hits you.
* * * LOW HITPOINT WARNING * * *
The giant cockroach barely misses you. The jackal bites you.
* * * LOW HITPOINT WARNING * * *
The jackal misses you.
You see here a stone.
The giant cockroach bites you.
* * * LOW HITPOINT WARNING * * *
The giant cockroach closely misses you. You block the jackal's attack.
The goblin shouts!
The giant cockroach bites you.
You die...

##.......... .
..........# .
..###..........
..
..r...........(
........r†.......
#. #h<.†.....
#..## #....#####
#...##hhr.#
#.@sh.g.#
####h..?....
#....###.. .....#
##..#... .##.#.#.
# ♣.## . #


You could see a quokka, 4 jackals, a giant cockroach and a goblin.

Vanquished Creatures
  A dart slug (D:1)
  7 bats
  3 giant cockroaches (D:1)
  3 hobgoblins (D:1)
  4 jackals
  A frilled lizard (D:1)
  6 goblins (D:1)
  5 kobolds (D:1)
  2 rats (D:1)
32 creatures vanquished.

Notes
Turn   | Place    | Note
-------+----------+-------------------------------------------
     0 | D:1      | dvd the Octopode Fire Elementalist began the quest for the Orb.
     0 | D:1      | Reached XP level 1. HP: 11/11 MP: 3/3
   228 | D:1      | Reached XP level 2. HP: 15/17 MP: 0/5
   430 | D:1      | Learned a level 2 spell: Throw Flame
   703 | D:1      | Reached XP level 3. HP: 21/21 MP: 6/6
   718 | D:1      | Found a sparkling altar of Nemelex Xobeh.
  1290 | D:2      | HP: 1/21 [giant cockroach (1)]
  1292 | D:2      | Slain by a giant cockroach

Skill      XL: |  1 |
---------------+----+-----
Stealth        | 3 |  3.0
Fighting       | |  0.2
Dodging        | |  2.0
Spellcasting   | |  2.5
Conjurations   | |  1.3
Fire Magic     | |  3.6

Action                   || total
-------------------------++-------
Melee: Dagger            ||    24
       Constrict         ||    12
       Tentacles         ||     4
       Hand axe          ||     7
 Cast: Flame Tongue      ||    26
       Throw Flame       ||    11
 Stab: Sleeping          ||     1
  Eat: Chunk             ||     2
Armor: Skin              ||     2
Dodge: Dodged            ||    38
Block: Other             ||     7
       Reflection        ||     1
